 Dungeon Crawl Stone Soup version 0.27-a0-67-g4bfc8a49e1 (webtiles) character file.

Game seed: 2023683946455126257

114 wythoutpain the Grave Robber (level 4, -2/30 HPs)
             Began as a Vampire Necromancer on Jan 9, 2021.
             Slain by a bullfrog (7 damage)
             ... on level 7 of the Dungeon.
             The game lasted 00:12:23 (2420 turns).

wythoutpain the Grave Robber (Vampire Necromancer)  Turns: 2420, Time: 00:12:25

Health: -2/30      AC:  4    Str:  7    XL:     4   Next: 67%
Magic:  5/7        EV: 17    Int: 24    God:
Gold:   260        SH:  0    Dex: 14    Spells: 6/8 levels left

rFire    . . .     SeeInvis +   o - +3 hand axe (freeze)
rCold    . . .     Faith    +   (no shield)
rNeg     . . .     Spirit   .   a - +2 robe
rPois    .         Reflect  .   (no helmet)
rElec    .         Harm     .   (no cloak)
rCorr    .         Rampage  .   (no gloves)
Will     .....                  (no boots)
Stlth    +++.......             q - amulet of faith
HPRegen  0.30/turn              w - +4 ring of evasion
MPRegen  0.10/turn              v - +6 ring of intelligence

@: regenerating quickly
A: fangs 3, see invisible, unbreathing
a: Exsanguinate


You were on level 7 of the Dungeon.
You visited 1 branch of the dungeon, and saw 5 of its levels.

You collected 260 gold pieces.

Inventory:

Hand Weapons
 c - a +0 dagger
 d - a +2 hand axe of venom
 o - a +3 hand axe of freezing (weapon)
 p - a +0 falchion
Missiles
 b - 89 stones
 k - 14 poisoned darts
 t - 35 arrows
Armour
 a - a +2 robe (worn)
 e - a +3 ring mail of fire resistance
 x - a cursed +0 ring mail
Jewellery
 l - a +6 ring of intelligence
 q - an amulet of faith (around neck)
 s - an uncursed ring of fire
 u - an uncursed ring of stealth
 v - a +6 ring of intelligence (right hand)
 w - a +4 ring of evasion (left hand)
Scrolls
 r - a scroll of magic mapping {unknown}
 z - a scroll of enchant armour
 A - a scroll of enchant weapon
Potions
 f - a potion of magic
 g - a potion of heal wounds
 h - 2 potions of might
 i - 2 potions of resistance
 m - a potion of curing
 n - a potion of brilliance {unknown}
 B - a potion of haste {unknown}
 C - 2 potions of cancellation {unknown}


   Skills:
 + Level 0.3 Fighting
 + Level 1.0 Short Blades
 + Level 1.0 Axes
 + Level 2.6 Dodging
 + Level 4.3 Stealth
 + Level 2.6 Spellcasting
 + Level 5.2 Necromancy


You had 6 spell levels left.
You knew the following spells:

 Your Spells              Type           Power        Failure   Level
a - Pain                  Necr           100%         1%          1
b - Animate Skeleton      Necr           56%          1%          1

Your spell library contained the following spells:

 Spells                   Type           Power        Failure   Level
 Vampiric Draining        Necr           14%          4%          3
 Animate Dead             Necr           14%          13%         4
 Agony                    Necr           28%          36%         5


Dungeon Overview and Level Annotations

Branches:
Dungeon (4/15)
 Temple: D:4-7

Altars:
Dithmenos
Okawaru
Wu Jian


Innate Abilities, Weirdness & Mutations

Your natural rate of healing is unusually fast.
You have razor-sharp teeth.
You have supernaturally acute eyesight. (SInv)
You can survive without breathing.


Message History

You closely miss the jackal. The jackal closely misses you.
You hit the jackal. You freeze the jackal.
You kill the jackal!
Aiming: Pain (safe; 1% risk of failure)
Press: ? - help, Q - select action, (/) - cycle Shift-Dir - straight line, f - bullfrog
Aim: a bullfrog (chance to affect: 84%)
The bullfrog writhes in agony.
The bullfrog hits you. x2
You hit the bullfrog. You freeze the bullfrog.
The bullfrog is moderately wounded.
The bullfrog hits you but does no damage.
The bullfrog hits you! The bullfrog hits you!
* * * LOW HITPOINT WARNING * * *
Aiming: Pain (safe; 1% risk of failure)
Press: ? - help, Q - select action, (/) - cycle Shift-Dir - straight line, f/p - bullfrog
Aim: a bullfrog (moderately wounded, chance to affect: 84%)
The bullfrog barely resists.
The bullfrog hits you!
You die...

#### #.. ############
#.# #..........###.##
#.########.##...#####
#.# #..@.......# #.#
####F..###. #.# ##Z##
#.# #.....†<......
#.### #.....[.....!.
#..># #..=....###...
###.# ##......# #.
#.# #.#..#.# #.#
#.......


You could see a bullfrog and a quokka zombie.

Vanquished Creatures
  A hound (D:4)
  A hound zombie (D:7)
  An adder (D:2)
  A shadow imp (D:7)
  An ooze (D:3)
  An adder skeleton (D:4)
  A dart slug (D:1)
  5 orcs
  2 giant cockroaches
  2 goblins
  5 hobgoblins
  2 jackals (D:7)
  4 bats
  3 frilled lizards
  3 kobolds
  5 rats
38 creatures vanquished.

Vanquished Creatures (collateral kills)
  A giant cockroach (D:2)
1 creature vanquished.

Vanquished Creatures (others)
  3 plants (D:2)
3 creatures vanquished.

Grand Total: 42 creatures vanquished

Notes
Turn   | Place    | Note
-------+----------+-------------------------------------------
     0 | D:1      | wythoutpain the Vampire Necromancer began the quest for the
                  | Orb.
     0 | D:1      | Reached XP level 1. HP: 13/13 MP: 3/3
   592 | D:1      | Reached XP level 2. HP: 19/19 MP: 3/5
   723 | D:2      | Learned a level 1 spell: Animate Skeleton
   899 | D:2      | Found an iron altar of Okawaru.
  1068 | D:2      | Reached skill level 5 in Necromancy
  1262 | D:2      | Reached XP level 3. HP: 23/24 MP: 6/6
  1543 | D:3      | Reached skill level 1 in Short Blades
  2155 | D:4      | Noticed a phantom
  2158 | D:4      | Found a shadowy altar of Dithmenos.
  2164 | D:4      | Reached XP level 4. HP: 29/30 MP: 4/7
  2241 | D:4      | You fall into a shaft and drop 3 floors!
  2269 | D:7      | Found an ornate altar of the Wu Jian Council.
  2312 | D:7      | Noticed a bullfrog
  2361 | D:7      | Reached skill level 1 in Axes
  2412 | D:7      | Noticed a bullfrog
  2420 | D:7      | Slain by a bullfrog

Illustrated notes

Levels and vault maps discovered:
D:1:      onia_arrival_mini_maze_b, layout_loops_ring, serial_park_tiny_1
D:2:      layout_loops_ring, serial_forest, infiniplex_forest_clump_C,
          infiniplex_forest_lined_3, infiniplex_forest_end_3,
          infiniplex_forest_pool, infiniplex_forest_lined_4_way,
          infiniplex_forest_clump_medium, infiniplex_forest_lined_3,
          okawaru_ov_weapons_minmay
D:3:      layout_loops_ring
D:4:      layout_basic, grunt_dithmenos_smoke, gammafunk_ghost_split
D:7:      layout_loops_ring, kennysheep_mini, ebering_ghost_inner_flame

Skill      XL: |  1  2  3  4 |
---------------+-------------+-----
Necromancy     | 5 |  5.2
Short Blades   | 1 |  1.0
Stealth        | 4 |  4.3
Axes           | 1 |  1.0
Fighting       | |  0.3
Dodging        | |  2.6
Spellcasting   | |  2.6

Action                   |  1- 3 |  4- 6 || total
-------------------------+-------+-------++-------
Melee: Whip              |     7 |       ||     7
       Bite              |     4 |     2 ||     6
       Hand axe          |    49 |    29 ||    78
       Dagger            |    24 |       ||    24
 Cast: Pain              |    26 |     4 ||    30
       Animate Skeleton  |     3 |       ||     3
  Use: Scroll            |    15 |     1 ||    16
 Stab: Sleeping          |     5 |     1 ||     6
Armor: Robe              |    17 |     6 ||    23
Dodge: Dodged            |    69 |    37 ||   106

Table legend: (Time is in decaauts)
 A = Elapsed time spent in this place.
 B = Non-inter-level travel time spent in this place.
 C = Inter-level travel time spent in this place.
 D = Time resting spent in this place.
 E = Time spent auto-exploring this place.
 F = Levels seen in this place.
 G = Mean time per level.
                   A        B        C        D        E       F      G
               +--------+--------+--------+--------+--------+-----+--------+
         Total |   2441 |   2322 |    119 |     33 |   1800 |   5 |  488.2 |
       Dungeon |   2441 |   2322 |    119 |     33 |   1800 |   5 |  488.2 |
               +--------+--------+--------+--------+--------+-----+--------+

Top non-repeatable levels by time:
     D:2: 835 daAuts
     D:1: 693 daAuts
     D:3: 592 daAuts
     D:7: 185 daAuts
     D:4: 134 daAuts
